 Dungeon Crawl Stone Soup version 0.29.1-13-g9f3cf754e1 (webtiles) character file.

Game seed: 8533614471496803153

305 protoss039 the Digger (level 6, -6/46 HPs)
             Began as a Demonspawn Earth Elementalist on Feb 9, 2023.
             Killed by divine providence
             ... invoked by an orc priest
              (14 damage)
             ... on level 4 of the Dungeon.
             The game lasted 00:07:20 (5020 turns).

protoss039 the Digger (DsEE)                        Turns: 5020, Time: 00:07:20

Health: -6/46      AC:  3    Str:  8    XL:     6   Next: 15%
Magic:  2/11       EV: 12    Int: 19    God:
Gold:   31         SH:  0    Dex: 13    Spells: 5/11 levels left

rFire   . . .      SeeInvis +   h - +0 dagger (venom)
rCold   . . .      Faith    .   (no shield)
rNeg    . . .      Spirit   .   a - +0 robe
rPois   .          Reflect  .   (no helmet)
rElec   .          Harm     .   (no cloak)
rCorr   +          Rampage  .   (no gloves)
Will    .....                   s - +0 pair of boots
Stlth   ++........              (no amulet)
HPRegen 0.15/turn               t - ring of Gacuwigi {rCorr SInv}
MPRegen 0.12/turn               (no ring)

@: hasted, very quick
A: claws 1, powered by death 2, demonic magic 1
a: no special abilities


You were on level 4 of the Dungeon.
You visited 1 branch of the dungeon, and saw 4 of its levels.

You collected 141 gold pieces.
You spent 110 gold pieces at shops.

Inventory:

Hand Weapons
 h - a +0 dagger of venom (weapon)
 l - a +1 dagger of flaming
Armour
 a - a +0 robe (worn)
 s - a +0 pair of boots (worn)
Jewellery
 t - the ring of Gacuwigi (left claw) {rCorr SInv}
   (You bought it in a shop on level 2 of the Dungeon)

   [ring of resist corrosion]

   SInv:      It lets you see invisible.
   rCorr:     It protects you from acid and corrosion.
Scrolls
 c - a scroll of amnesia {unknown}
 d - 2 scrolls of poison {unknown}
 e - a scroll of identify
 f - a scroll of brand weapon {unknown}
 g - 2 scrolls of immolation
 k - a scroll of fear {unknown}
 n - a scroll of blinking {unknown}
 o - 2 scrolls of teleportation {unknown}
 p - 2 scrolls of magic mapping {unknown}
Potions
 b - a potion of magic
 i - 2 potions of flight
 j - 2 potions of haste
 m - a potion of invisibility {unknown}
 q - a potion of heal wounds {unknown}
 r - 2 potions of might {unknown}


   Skills:
 + Level 2.9 Fighting
 - Level 2.0 Dodging
 - Level 2.0 Stealth
 + Level 3.4 Spellcasting
 + Level 2.1 Conjurations
 - Level 1.0 Transmutations
 + Level 4.0 Earth Magic


You had 5 spell levels left.
You knew the following spells:

 Your Spells              Type           Power      Damage    Failure   Level
a - Sandblast             Erth           36%        2d10      2%          1
b - Passwall              Tmut/Erth      10%        N/A       8%          2
c - Stone Arrow           Conj/Erth      30%        3d8       12%         3

Your spell library contained the following spells:

 Spells                   Type           Power      Damage    Failure   Level
 Sting                    Tmut/Pois      20%        1d4       12%         1
 Poisonous Vapours        Pois/Air       6%         N/A       22%         2
 Petrify                  Tmut/Erth      12%        N/A       45%         4
 Olgreb's Toxic Radiance  Pois           3%         N/A       82%         4


Dungeon Overview and Level Annotations

Branches:
Dungeon (4/15) Zot: 18930
 Temple: D:4-7

Altars:

Shops:
D:2 *

Annotations:
D:2 1 runed translucent door, Crazy Yiuf
D:4 Blork the orc


Innate Abilities, Weirdness & Mutations

You have sharp fingernails.
You regenerate health from kills.
Spells you cast may paralyse adjacent enemies.


Message History

Aiming: Sandblast (safe; 2% risk of failure)
Press: ? - help, Shift-Dir - straight line, f/p - orc priest
Aim: an orc priest, wielding a +1 vorpal mace (82% to hit)
The blast of sand misses the orc priest.
Malevolent energies surge around you.
The orc priest miscasts a cantrip.
Unknown command.
Okay, then.
Okay, then.
Okay, then.
Casting: Sandblast (safe; 2% risk of failure)
Confirm with . or Enter, or press ? or * to list all spells.
Aiming: Stone Arrow (dangerous; 12% risk of failure)
Press: ? - help, Shift-Dir - straight line, f/p - orc priest
Aim: an orc priest, wielding a +1 vorpal mace (68% to hit)
The stone arrow misses the orc priest.
Malevolent energies surge around you.
The orc priest hits you with a +1 vorpal mace.
Unknown command.
Casting: Stone Arrow (dangerous; 12% risk of failure)
Confirm with . or Enter, or press ? or * to list all spells.
Aiming: Sandblast (safe; 2% risk of failure)
Press: ? - help, Shift-Dir - straight line, f/p - orc priest
Aim: an orc priest, wielding a +1 vorpal mace (82% to hit)
The blast of sand hits the orc priest!
The orc priest is heavily wounded.
Malevolent energies surge around you.
The orc priest mumbles some strange prayers to Beogh against you.
Beogh smites you!
Unknown command.
You feel yourself speed up.
The orc priest mumbles some strange prayers to Beogh against you.
Pain shoots through your body!
* * * LOW HITPOINT WARNING * * *
Unknown command.
Unknown command.
Okay, then.
Okay, then.
The orc priest mumbles some strange prayers to Beogh against you.
Beogh smites you!
You die...

......#..........
......##....##.###
.....
#<.†..##...#####.
......#.....##..#.....
..........#..#....
#............#..# #
#............#.## #..
#...............#....
........@............
.##.###.#...........#
... ###.....$....## ..
##o.........#
#oo.##......
#.oo)...## ......
....###..# ...... ..
...# ..... #.... .o...


You could see an orc priest and 2 orcs.

Vanquished Creatures
  A hound (D:4)
  An orc priest (D:2)
  Terence (D:2)
  Natasha (thrice) (D:2)
  3 gnolls
  4 adders
  A worm (D:2)
  10 orcs
  6 ball pythons
  5 endoplasms
  2 giant cockroaches (D:2)
  2 goblins
  7 hobgoblins
  5 jackals
  9 kobolds
  A quokka (D:1)
  3 bats
  A frilled lizard (D:3)
  5 rats
70 creatures vanquished.

Notes
Turn   | Place    | Note
-------+----------+-------------------------------------------
     0 | D:1      | protoss039 the Demonspawn Earth Elementalist began the
                  | quest for the Orb.
     0 | D:1      | Reached XP level 1. HP: 13/13 MP: 3/3
   138 | D:1      | Reached skill level 1 in Transmutations
   463 | D:1      | Gained mutation: You have sharp fingernails. [demonic
                  | ancestry]
   463 | D:1      | Reached XP level 2. HP: 3/20 MP: 1/5
  1139 | D:1      | Reached skill level 1 in Fighting
  1457 | D:1      | Reached skill level 3 in Earth Magic
  1457 | D:1      | Reached XP level 3. HP: 15/26 MP: 2/6
  1617 | D:1      | Learned a level 2 spell: Passwall
  1621 | D:1      | Learned a level 3 spell: Stone Arrow
  1925 | D:2      | Gained mutation: Spells you cast may paralyse adjacent
                  | enemies. [demonic ancestry]
  1925 | D:2      | Reached XP level 4. HP: 33/33 MP: 2/8
  1927 | D:2      | Noticed Terence
  1942 | D:2      | Killed Terence
  2355 | D:2      | Found Xaatricu's Assorted Antiques.
  2697 | D:2      | Reached skill level 1 in Conjurations
  2697 | D:2      | Gained mutation: You regenerate a little health from kills.
                  | [demonic ancestry]
  2697 | D:2      | Reached XP level 5. HP: 25/38 MP: 6/9
  2914 | D:2      | Noticed Natasha
  2917 | D:2      | Killed Natasha
  3020 | D:2      | Noticed Natasha
  3026 | D:2      | Killed Natasha
  3204 | D:2      | Found a runed translucent door.
  3205 | D:2      | Noticed Crazy Yiuf
  3480 | D:2      | Noticed Natasha
  3487 | D:2      | Killed Natasha
  3790 | D:3      | Found a faded altar of an unknown god.
  4254 | D:3      | Gained mutation: You regenerate health from kills. [demonic
                  | ancestry]
  4254 | D:3      | Reached XP level 6. HP: 40/46 MP: 5/11
  4846 | D:2      | Bought a wavering glass ring for 110 gold pieces
  4846 | D:2      | Identified the ring of Gacuwigi {rCorr SInv} (You bought it
                  | in a shop on level 2 of the Dungeon)
  4936 | D:4      | Reached skill level 4 in Earth Magic
  5006 | D:4      | Noticed Blork the orc
  5020 | D:4      | Killed from afar by an orc priest

Illustrated notes

Levels and vault maps discovered:
D:1:      roderic_octagonal_star, layout_loops_ring
D:2:      layout_basic, serial_shops, nicolae_square_shop, skrybe_limestone_x,
          uniq_terence, uniq_crazy_yiuf_cottage, uniq_natasha
D:3:      layout_basic, hellmonk_ecumenical_altar_blasted,
          corexii_item_surrounded_by_moat, dk_noncrumbling_3
D:4:      layout_cave_pools, yredelemnul_forgotten_temple_becter,
          grunt_temple_overflow_lords_of_destruction, uniq_blork_the_orc

Skill      XL: |  1  2  3  4  5  6 |
---------------+-------------------+-----
Transmutations | 1 |  1.0
Dodging        | 2 |  2.0
Stealth        | 2 |  2.0
Fighting       | 1 2 |  2.9
Earth Magic    | 3 4 |  4.0
Spellcasting   | 3 |  3.4
Conjurations   | 1 2 |  2.1

Action                   |  1- 3 |  4- 6 || total
-------------------------+-------+-------++-------
Melee: Hand axe          |    25 |       ||    25
       Dagger            |    28 |    59 ||    87
       Punch             |     1 |       ||     1
 Cast: Sandblast         |    30 |    48 ||    78
       Stone Arrow       |     1 |     4 ||     5
  Use: Scroll            |       |     3 ||     3
       Potion            |       |     1 ||     1
 Stab: Sleeping          |     2 |     1 ||     3
       Paralysed         |       |     8 ||     8
Armor: Robe              |    14 |    10 ||    24
Dodge: Dodged            |    47 |    45 ||    92
